 Dungeon Crawl Stone Soup version 0.21.1-1-g345015f (webtiles) character file.

177 keltmir the Cudgeler (level 5, 0/41 HPs)
             Began as a Demonspawn Gladiator on Mar 21, 2018.
             Succumbed to an orc's poison
             ... on level 2 of the Dungeon.
             The game lasted 00:08:58 (2626 turns).

keltmir the Cudgeler (Demonspawn Gladiator)         Turns: 2626, Time: 00:08:59

Health: 0/41       AC:  4    Str: 16      XL:     5   Next: 31%
Magic:  13/14      EV: 12    Int:  6 (9)  God:
Gold:   102        SH:  0    Dex: 14      Spells: 4/4 levels left

rFire    . . .     SeeInvis .   a - +0 flail
rCold    . . .     Gourm    .   (no shield)
rNeg     . . .     Faith    .   b - +0 leather armour
rPois    .         Spirit   +   c - +0 helmet
rElec    .         Reflect  .   (no cloak)
rCorr    .         Harm     .   (no gloves)
MR       .....                  (no boots)
Stlth    +.........             (no amulet)
HPRegen  0.13/turn              j - ring of magical power
MPRegen  0.14/turn              (no ring)

@: lethally poisoned (0 -> -6)
A: hooves 1, magic shield
a: no special abilities


You were on level 2 of the Dungeon.
You were completely stuffed.

You visited 1 branch of the dungeon, and saw 3 of its levels.

You collected 102 gold pieces.

Inventory:

Hand Weapons
 a - a +0 flail (weapon)
Missiles
 d - 3 throwing nets (quivered)
Armour
 b - a +0 leather armour (worn)
 c - a +0 helmet (worn)
 i - a +0 chain mail
 n - a +0 cloak
Jewellery
 j - a ring of magical power (left hand)
Potions
 k - a potion of magic
Comestibles
 f - 2 rations


   Skills:
 + Level 3.6 Fighting
 + Level 3.8 Maces & Flails
 - Level 1.7 Throwing
 + Level 2.5 Armour
 - Level 2.6 Dodging


You had 4 spell levels left.
You didn't know any spells.

Dungeon Overview and Level Annotations

Branches:
Dungeon (3/15)

Altars:


Innate Abilities, Weirdness & Mutations

You have large cloven feet.
When hurt, damage is shared between your health and your magic reserves.


Message History

* * * LOW HITPOINT WARNING * * *
You feel sick.
There is a lethal amount of poison in your body!
* * * LOW HITPOINT WARNING * * *
You feel sick.
* * * LOW HITPOINT WARNING * * *
You feel sick.
* * * LOW HITPOINT WARNING * * *
You feel sick.
* * * LOW HITPOINT WARNING * * *
You feel sick.
Okay, then.
You eat one of the 4 rations.
That ration really hit the spot!
You eat one of the 3 rations.
That ration really hit the spot!
* * * LOW HITPOINT WARNING * * *
You feel sick.
You're too full to eat anything.
* * * LOW HITPOINT WARNING * * *
You feel sick.
You die...

#.#...####.###..########
#.# ##.#.####...#
#.....# #.# ..[...#
#.#.###..##.# #.#
......# #.##....###.#
#.# ......# #.###.#.#
#.# #.# ......# #.#
#.#.###.# #.# ......#
#.# #....##.###### #.#
......# #.#
#............# #.#
.....)#
#.####..@##.####.#####.#
###..## #...........#
#.......# #..#
#######.################
#..# #........# #..#
########.# ###.## #.#
....# #.# ###.# #.# #.#
#.#


There were no monsters in sight!

Vanquished Creatures
  A hound (D:2)
  Natasha (D:2)
  6 adders
  An ooze (D:3)
  A worm (D:3)
  A dart slug (D:1)
  A leopard gecko (D:3)
  An orc (D:3)
  9 bats
  4 giant cockroaches
  5 goblins
  4 hobgoblins
  5 jackals
  3 quokkas (D:2)
  3 ball pythons
  5 frilled lizards
  6 kobolds
  A quokka skeleton (D:3)
  6 rats (D:1)
64 creatures vanquished.

Notes
Turn   | Place    | Note
-------+----------+-------------------------------------------
     0 | D:1      | keltmir the Demonspawn Gladiator began the quest for the Orb.
     0 | D:1      | Reached XP level 1. HP: 16/16 MP: 1/1
   175 | D:1      | Gained mutation: When hurt, damage is shared between your health and your magic reserves. [demonic ancestry]
   175 | D:1      | Reached XP level 2. HP: 20/22 MP: 2/2
   298 | D:1      | Reached skill level 1 in Armour
   597 | D:1      | Reached XP level 3. HP: 28/28 MP: 3/3
  1233 | D:2      | Gained mutation: You have large cloven feet. [demonic ancestry]
  1233 | D:2      | Reached XP level 4. HP: 26/35 MP: 4/4
  1269 | D:2      | Noticed Natasha
  1287 | D:2      | Killed Natasha
  1824 | D:2      | Reached XP level 5. HP: 24/41 MP: 5/5
  2306 | D:3      | HP: 2/41 [orc priest/divine providence (8)]
  2624 | D:2      | HP: 2/41 [poisoned by an orc]
  2626 | D:2      | Succumbed to an orc's poison

Skill      XL: |  1  2  3  4 |
---------------+-------------+-----
Maces & Flails | 3 |  3.8
Armour         | 1 2 |  2.5
Fighting       | 3 |  3.6
Throwing       | |  1.7
Dodging        | |  2.6

Action                   |  1- 3 |  4- 6 || total
-------------------------+-------+-------++-------
Melee: Flail             |   130 |    86 ||   216
       Kick              |       |    22 ||    22
  Use: Scroll            |       |     3 ||     3
       Potion            |       |     2 ||     2
 Stab: Sleeping          |     1 |       ||     1
  Eat: Chunk             |     1 |     4 ||     5
       Ration            |       |     3 ||     3
Armor: Leather armour    |    56 |    23 ||    79
Dodge: Dodged            |   123 |    73 ||   196
